 Dungeon Crawl Stone Soup version 0.30-a0-364-gf6b3ef1049 (webtiles) character file.

Game seed: 5613322430265338425

2340 oldriver the Thaumaturge (level 9, -1/72 HPs)
             Began as a Mummy Necromancer on Nov 14, 2022.
             Slain by a wraith (4 damage)
             ... on level 7 of the Dungeon.
             The game lasted 00:12:44 (6116 turns).

oldriver the Thaumaturge (Mummy Necromancer)        Turns: 6116, Time: 00:12:45

Health: -1/72      AC:  9    Str: 11    XL:     9   Next: 20%
Magic:  2/22       EV: 10    Int: 18    God:
Gold:   287        SH:  6    Dex: 13    Spells: 13/26 levels left

rFire   . . .      SeeInvis .    g - +9 short sword of Gluttony {protect, rPois rN+}
rCold   + . .      Faith    +    d - +3 buckler
rNeg    + + +      Spirit   .    x - +0 swamp dragon scales
rPois   ∞          Reflect  .    j - +0 helmet
rElec   .          Harm     .    (no cloak)
rCorr   .          Rampage  .    f - +0 pair of gloves
Will    +....                    (no boots)
Stlth   +.........               l - amulet of regeneration
HPRegen 1.12/turn                i - ring of wizardry
MPRegen 0.18/turn                u - ring of protection from fire

@: about to teleport, very slightly contaminated, slowed, very slow
A: cold resistance 1, negative energy resistance 3, torment resistance 2, heat
vulnerability 1, in touch with death 1, no potions, faith
a: no special abilities


You were on level 7 of the Dungeon.
You visited 1 branch of the dungeon, and saw 7 of its levels.

You collected 287 gold pieces.

Inventory:

Hand Weapons
 g - the +9 short sword of Gluttony (weapon) {protect, rPois rN+}
   (You found it on level 2 of the Dungeon)

   It grants its wielder temporary protection when it strikes (+7 to AC).
   rPois:     It protects you from poison.
   rN:        It protects you from negative energy.
 n - a +3 falchion of flaming
Missiles
 w - a throwing net
Armour
 d - a +3 buckler (worn)
 f - a +0 pair of gloves (worn)
 j - a +0 helmet (worn)
 x - +0 swamp dragon scales (worn)
Jewellery
 h - a +6 ring of intelligence
 i - a ring of wizardry (left hand)
 k - an amulet of magic regeneration
 l - an amulet of regeneration (around neck)
 u - a ring of protection from fire (right hand)
Wands
 q - a wand of charming (6)
 r - a wand of roots (10)
 v - a wand of digging (4)
Scrolls
 b - a scroll of noise
 c - a scroll of silence
 e - 2 scrolls of enchant armour
 m - 3 scrolls of teleportation
 p - a scroll of enchant weapon
 s - a scroll of blinking
 t - a scroll of brand weapon {unknown}


   Skills:
 + Level 7.0 Fighting
 + Level 2.9 Short Blades
 - Level 1.5 Dodging
 - Level 1.5 Stealth
 + Level 9.0 Spellcasting
 - Level 6.0 Necromancy
 + Level 2.9 Earth Magic


You had 13 spell levels left.
You knew the following spells:

 Your Spells              Type           Power      Damage    Failure   Level
a - Necrotise             Necr           100%       1d9       1%          1
b - Vampiric Draining     Necr           44%        2d9       3%          3
c - Animate Dead          Necr           44%        N/A       11%         4
d - Lee's Rapid Deconstr  Erth           9%         3d7*      65%         5

Your spell library contained the following spells:

 Spells                   Type           Power      Damage    Failure   Level
 Agony                    Necr           44%        N/A       26%         5
 Frozen Ramparts          Ice            16%        1d3       32%         3
 Kindle Blastsparks       Fire/Tloc/Air  16%        2d11      32%         3
 Petrify                  Tmut/Erth      13%        N/A       52%         4
 Fulminant Prism          Conj/Hex       4%         3d5       71%         4
 Iskenderun's Mystic Bla  Conj/Tloc      8%         2d4       71%         4
 Summon Ice Beast         Ice/Summ       8%         N/A       71%         4
 Irradiate                Conj/Tmut      4%         3d13      96%         5
 Sublimation of Blood     Necr           Unusable   N/A       N/A         2
 Ice Form                 Ice/Tmut       Unusable   N/A       N/A         4

Dungeon Overview and Level Annotations

Branches:
Dungeon (7/15)
 Temple: D:4-7

Altars:
Dithmenos
Fedhas
Kikubaaqudgha
Okawaru
Yredelemnul

Shops:
D:7 *


Innate Abilities, Weirdness & Mutations

You are immune to poison.
Your flesh is cold resistant. (rC+)
You are immune to negative energy. (rN+++)
You are immune to unholy pain and torment.
You are vulnerable to heat. (rF-)
You are in touch with the powers of death.
You do not drink.
You have a special connection with the divine. (Faith)


Message History

Your goblin zombie hits the wraith but does no damage.
The wraith hits you. The wraith drains your vigour!
You feel as though you will be slow longer.
The ice beast misses you.
Your goblin zombie barely misses the wraith.
Casting: Vampiric Draining (dangerous; 3% risk of failure)
Confirm with . or Enter, or press ? or * to list all spells.
Aiming: Vampiric Draining (dangerous; 3% risk of failure)
Press: ? - help, Shift-Dir - straight line, f/p - ice beast
Aim: an ice beast (moderately wounded)
You feel a surge of power!
You draw life force from the ice beast!
You feel life coursing into your body. You block something's attack.
Something hits you. The wraith hits you!
* * * LOW HITPOINT WARNING * * *
The wraith drains your vigour!
You feel as though you will be slow longer.
A two-headed ogre comes into view. It is wielding two +0 giant clubs.
The ice beast hits you but does no damage.
Your goblin zombie hits the wraith but does no damage.
Casting: Vampiric Draining (dangerous; 3% risk of failure)
Confirm with . or Enter, or press ? or * to list all spells.
Aiming: Vampiric Draining (dangerous; 3% risk of failure)
Press: ? - help, Shift-Dir - straight line, f/p - ice beast
Aim: an ice beast (severely wounded)
You feel a surge of power!
You draw life force from the ice beast!
You kill the ice beast!
You feel life coursing into your body.
The two-headed ogre shouts in stereo!
Something hits you.
* * * LOW HITPOINT WARNING * * *
You block the wraith's attack.
Your goblin zombie hits the wraith.
The wraith completely misses you.
Your Spellcasting skill increases to level 9!
As you read the scroll of teleportation, it crumbles to dust.
You feel strangely unstable. Something hits you!
* * * LOW HITPOINT WARNING * * *
Something hits you!
* * * LOW HITPOINT WARNING * * *
The wraith hits you.
You die...

#..................
#.....##### #....###
#######.....# #....Z..
........†...# #....###
#######.###########....##
.#######.#####...........#
...........Z.#.#########.#
.#######...W.#.# . .#
#..@..#.# ... .#
#..[....#?.... .#
#..........._..
####....#......
#.!..#...... #...O# ..^..
#....# ##### ####.. ###.


You could see a two-headed ogre, a wraith (ally target) and a friendly goblin
zombie.

Vanquished Creatures
  A troll (D:7)
  Edmund (D:6)
  A black bear (D:6)
  2 ice beasts
  An ogre (D:5)
  A centaur (D:6)
  2 scorpions
  2 necrophages
  A vampire bat (D:3)
  4 howler monkeys
  4 orc priests
  A gnoll bouda (D:6)
  A jelly (D:6)
  Natasha (thrice) (D:2)
  An iguana (D:6)
  7 orc wizards
  3 gnolls
  10 adders
  2 ufetubi
  3 worms
  5 dart slugs
  3 fire bats (D:3)
  21 orcs
  2 spectral bats (D:3)
  12 bats
  A bat simulacrum (D:3)
  A bat skeleton (D:3)
  A bat zombie (D:3)
  10 endoplasms
  A giant cockroach (D:3)
  11 goblins
  8 hobgoblins
  3 kobolds
  3 quokkas
  3 ball pythons
  5 frilled lizards
  4 rats
145 creatures vanquished.

Vanquished Creatures (collateral kills)
  Maggie (D:7)
  A howler monkey (D:7)
  3 gnolls (D:6)
  An adder (D:5)
  2 bat skeletons (D:3)
  A training dummy (D:6)
  A bat (D:3)
  A frilled lizard (D:1)
  2 rats
13 creatures vanquished.

Vanquished Creatures (others)
  An ice beast zombie (D:6)
  2 howler monkey zombies (D:7)
  2 orc zombies (D:5)
  2 goblin zombies
7 creatures vanquished.

Grand Total: 165 creatures vanquished

Notes
Turn   | Place    | Note
-------+----------+-------------------------------------------
     0 | D:1      | oldriver the Mummy Necromancer began the quest for the Orb.
     0 | D:1      | Reached XP level 1. HP: 13/13 MP: 4/4
   161 | D:1      | Reached skill level 3 in Spellcasting
   238 | D:1      | Reached skill level 1 in Fighting
   307 | D:1      | Reached XP level 2. HP: 10/21 MP: 0/6
  1154 | D:2      | Identified the +9 short sword of Gluttony {protect, rPois
                  | rN+}
  1156 | D:2      | Noticed Natasha
  1164 | D:2      | Killed Natasha
  1165 | D:2      | Reached skill level 4 in Spellcasting
  1165 | D:2      | Gained mutation: You are in touch with the powers of death.
                  | [Mummy growth]
  1165 | D:2      | Reached XP level 3. HP: 27/27 MP: 0/8
  1239 | D:2      | You fall into a shaft and drop 1 floor!
  1253 | D:3      | Found a blossoming altar of Fedhas.
  1330 | D:4      | Reached XP level 4. HP: 13/34 MP: 2/10
  1421 | D:4      | Learned a level 3 spell: Vampiric Draining
  1426 | D:4      | Learned a level 4 spell: Animate Dead
  1542 | D:4      | Reached XP level 5. HP: 11/41 MP: 1/12
  2005 | D:4      | Reached skill level 5 in Spellcasting
  2301 | D:3      | Reached XP level 6. HP: 48/48 MP: 5/14
  2642 | D:2      | Noticed Natasha
  2648 | D:2      | Killed Natasha
  2702 | D:2      | Reached skill level 6 in Spellcasting
  2761 | D:2      | Noticed Natasha
  2764 | D:2      | Killed Natasha
  3465 | D:3      | Reached XP level 7. HP: 55/55 MP: 12/17
  3884 | D:4      | Reached skill level 5 in Fighting
  3956 | D:4      | Found an ancient bone altar of Kikubaaqudgha.
  4075 | D:4      | Reached skill level 7 in Spellcasting
  4304 | D:5      | Entered Level 5 of the Dungeon
  4375 | D:5      | Reached skill level 5 in Necromancy
  4775 | D:5      | Learned a level 5 spell: Lee's Rapid Deconstruction
  4806 | D:6      | Reached XP level 8. HP: 61/64 MP: 11/19
  4931 | D:6      | Reached skill level 1 in Short Blades
  4931 | D:6      | Reached skill level 1 in Earth Magic
  5022 | D:6      | Found a shadowy altar of Dithmenos.
  5141 | D:6      | Noticed Edmund
  5151 | D:6      | Killed Edmund
  5152 | D:6      | Reached skill level 8 in Spellcasting
  5835 | D:7      | Found an iron altar of Okawaru.
  5855 | D:7      | Found Bumesowa's Assorted Antiques.
  5882 | D:7      | Found a basalt altar of Yredelemnul.
  5882 | D:7      | Noticed Maggie
  5895 | D:7      | Killed Maggie
  6044 | D:7      | Reached XP level 9. HP: 71/71 MP: 15/21
  6071 | D:7      | Noticed a troll
  6081 | D:7      | Killed a troll
  6114 | D:7      | Noticed a two-headed ogre
  6116 | D:7      | Reached skill level 9 in Spellcasting
  6116 | D:7      | HP: 3/72 [something (9)]
  6116 | D:7      | Slain by a wraith

Illustrated notes

Levels and vault maps discovered:
D:1:      tarquinn_simple_flora_water_b, layout_rooms, columned_hall_lemuel,
          dk_noncrumbling_3, minmay_ruptured
D:2:      layout_loops_ring, uniq_natasha
D:3:      minmay_evil_eye, layout_rooms, mainiacjoe_overflow_six_doors_small,
          minmay_tree_intersection, chequers_serial_rivers_micro_b,
          goddamned_bats
D:4:      kennysheep_the_goblin_king, layout_basic,
          lemuel_coloured_pillars_altar, interstate_on_off
D:5:      layout_rooms
D:6:      dreamdust_elfheim, layout_basic, grunt_dithmenos_smoke, uniq_edmund
D:7:      minmay_blocky_corners, layout_basic, lemuel_tele_altar,
          kennysheep_okawaru_gauntlet, minmay_temple_entry_gardened_gates,
          serial_shops, nicolae_shop_statue_plus, nicolae_shop_trees,
          nicolae_lakefront_shop, kennysheep_big_empty_room, uniq_maggie

Skill      XL: |  1  2  3  4  5  6  7  8  9 |
---------------+----------------------------+-----
Spellcasting   | 3 4 5 6 7 8 9 |  9.0
Fighting       | 1 2 3 4 5 6 7 |  7.0
Necromancy     | 5 6 |  6.0
Short Blades   | 2 |  2.9
Earth Magic    | 2 |  2.9
Dodging        | |  1.5
Stealth        | |  1.5

Action                   |  1- 3 |  4- 6 |  7- 9 || total
-------------------------+-------+-------+-------++-------
Melee: Unarmed           |    23 |       |       ||    23
       Short sword       |       |    35 |    60 ||    95
 Cast: Necrotise         |    60 |   119 |   134 ||   313
       Vampiric Draining |       |     8 |    22 ||    30
       Animate Dead      |       |       |     4 ||     4
  Use: Scroll            |       |     7 |     4 ||    11
 Stab: Sleeping          |       |       |     1 ||     1
Armor: Robe              |     4 |    41 |    30 ||    75
       Swamp dragon scal |       |       |    26 ||    26
Dodge: Dodged            |    30 |    61 |    54 ||   145
Block: Buckler           |     3 |    45 |    49 ||    97

Table legend: (Time is in decaauts)
 A = Elapsed time spent in this place.
 B = Non-inter-level travel time spent in this place.
 C = Inter-level travel time spent in this place.
 D = Time resting spent in this place.
 E = Time spent auto-exploring this place.
 F = Levels seen in this place.
 G = Mean time per level.
                   A        B        C        D        E       F      G
               +--------+--------+--------+--------+--------+-----+--------+
         Total |   6121 |   5779 |    342 |    600 |   3841 |   7 |  874.4 |
       Dungeon |   6121 |   5779 |    342 |    600 |   3841 |   7 |  874.4 |
               +--------+--------+--------+--------+--------+-----+--------+

Top non-repeatable levels by time:
     D:4: 1649 daAuts
     D:1: 1063 daAuts
     D:6: 979 daAuts
     D:3: 894 daAuts
     D:2: 702 daAuts
     D:5: 491 daAuts
     D:7: 341 daAuts
